 Dungeon Crawl Stone Soup version 0.27-a0-906-g0a00ce863d (webtiles) character file.

Game seed: 6577493036630157752

16115 rageheart7 the Warrior (level 12, -13/121 HPs)
             Began as a Minotaur Berserker on Apr 6, 2021.
             Was a High Priest of Trog.
             Killed from afar by an ice dragon (19 damage)
             ... with a blast of cold
             ... on level 11 of the Dungeon.
             The game lasted 00:21:18 (12325 turns).

rageheart7 the Warrior (Minotaur Berserker)        Turns: 12325, Time: 00:21:19

Health: -13/121    AC: 27    Str: 26    XL:     12   Next: 7%
Magic:  0/11       EV: 10    Int:  6    God:    Trog [*****.]
Gold:   762        SH:  0    Dex: 27    Spells: 11/11 levels left

rFire    . . .     SeeInvis .   v - +2 flail (drain)
rCold    . . .     Faith    .   (no shield)
rNeg     . . .     Spirit   +   i - +4 crystal plate armour of Repulsion {Will+ Int-2 Dex+10}
rPois    .         Reflect  .   (helmet restricted)
rElec    .         Harm     .   m - +0 cloak
rCorr    .         Rampage  .   (no gloves)
Will     +++..                  c - +2 pair of boots {Stlth+}
Stlth    ..........             d - amulet of guardian spirit
HPRegen  1.30/turn              f - +4 ring of slaying
MPRegen  0.12/turn              x - ring of Goeniu {*Corrode Fly Int+4 Dex+6}

@: unable to read, on berserk cooldown, flying, regenerating, slowed, studying
Dodging, very slow
A: horns 2, retaliatory headbutt, hooves 1, inability to read while threatened,
MP-powered wands
a: Renounce Religion, Berserk, Trog's Hand, Brothers in Arms


You were on level 11 of the Dungeon.
You worshipped Trog.
Trog was extremely pleased with you.
You visited 1 branch of the dungeon, and saw 11 of its levels.
You also visited: Sewer.

You collected 762 gold pieces.

Inventory:

Hand Weapons
 v - a +2 flail of draining (weapon)
Armour
 c - a +2 pair of boots of stealth (worn)
 i - the +4 crystal plate armour of Repulsion (worn) {Will+ Int-2 Dex+10}
   (You acquired it on level 9 of the Dungeon)

   It affects your intelligence (-2).
   It affects your dexterity (+10).
   It increases your willpower.
 m - a +0 cloak (worn)
Jewellery
 d - an amulet of guardian spirit (around neck)
 f - a +4 ring of slaying (left hand)
 x - the ring of Goeniu (right hand) {*Corrode Fly Int+4 Dex+6}
   (You found it on level 5 of the Dungeon)

   [ring of flight]

   It affects your intelligence (+4).
   It affects your dexterity (+6).
   It grants you flight.
   It may corrode you when you take damage.
 y - a +6 ring of dexterity
 F - a ring of see invisible
Wands
 a - a wand of random effects (20)
 b - a wand of digging (7)
 q - a wand of flame (34)
 t - a wand of acid (14)
 A - a wand of iceblast (9)
 E - a wand of charming (6)
 G - a wand of mindburst (15)
Scrolls
 g - 5 scrolls of teleportation
 h - 4 scrolls of fear
 l - a scroll of enchant armour
 n - a scroll of enchant weapon {unknown}
 o - a scroll of brand weapon {unknown}
 r - a scroll of blinking {unknown}
 u - a scroll of summoning {unknown}
 C - 3 scrolls of identify
Potions
 e - 5 potions of curing
 j - a potion of haste {unknown}
 k - a potion of might
 s - 2 potions of magic
 w - 2 potions of flight
 z - 2 potions of attraction


   Skills:
 * Level 15.3 Fighting
 + Level 14.2 Maces & Flails
 * Level 7.7 Armour
 * Level 8.4 Dodging


You had 11 spell levels left.
You didn't know any spells.
Your spell library was empty.

Dungeon Overview and Level Annotations

Branches:
Dungeon (11/15)            Temple (0/1) D:6           Sewer (visited)
   Lair: D:8-11         Orc: D:9-12

Altars:
Ashenzari
Fedhas
Gozag
Makhleb
Okawaru
Qazlal
Ru
Wu Jian
Xom
The Shining One

Shops:
D:2 !!?(*

Annotations:
D:4 1 runed translucent door, Crazy Yiuf
D:5 2 runed translucent doors, Papr's ghost, amateur DgTm


Innate Abilities, Weirdness & Mutations

You have a pair of horns on your head.
You reflexively headbutt those who attack you in melee.
You have large cloven feet.
You sometimes lose the ability to read scrolls when taking damage.
You expend magic power (3 MP) to strengthen your wands.


Message History

The ice dragon barely misses you.
Your skin crawls.
You feel strong-willed.
You hear two shouts!
The ice dragon breathes frost at you. The blast of cold hits you!!
* * * LOW HITPOINT WARNING * * *
An orc warrior comes into view. It is wielding a +0 battleaxe.
You hear a howl!
You feel better. The ice dragon barely misses you. You furiously retaliate!
You headbutt the ice dragon!
The ice dragon claws you but does no damage.
The ice dragon tramples you but does no damage.
The ice dragon breathes frost at you. The blast of cold hits you!!
* * * LOW HITPOINT WARNING * * *
You hear an angry buzzing noise.
Okay, then.
You feel better.
The ice dragon bites you but does no damage.
The ice dragon claws you but does no damage.
The ice dragon tramples you but does no damage.
You feel better. The ice dragon breathes frost at you.
The blast of cold hits you.
* * * LOW HITPOINT WARNING * * *
The ice dragon bites you.
* * * LOW HITPOINT WARNING * * *
The ice dragon claws you but does no damage.
The ice dragon tramples you but does no damage.
Your ogre goes berserk!
The ice dragon bites you!
* * * LOW HITPOINT WARNING * * *
The ice dragon claws you!
* * * LOW HITPOINT WARNING * * *
The ice dragon tramples you but does no damage.
Unknown command.
The ice dragon breathes frost at you. The blast of cold hits you!!
You die... ..# ..}# #.# #.# H:[

#.# #..# Dc #..# ##.
..... #..##c #..#
##.## .>..
#..#)#O.###.....##
....
#oH#).###..8.8..##....
#D####..8...8..##...
#...#..8.....8..#.#.
#O#@#.8.._._..8.#.#.
#.#.......8.........
#.#.#.8.._._..8.#...
..#)#..8.....8..#...
#.####..8...8..##...
... .##.......##....
#.. ..##.....##...#.
...###.###....#.
...........####.


You could see an ice dragon (catching breath), a manticore and an orc warrior.

Vanquished Creatures
  3 hydras
  Fannar (D:10)
  2 two-headed ogres (D:8)
  A tengu warrior (D:11)
  3 manticores
  An ugly thing (D:11)
  A cyclops (D:11)
  Maurice (D:8)
  A gargoyle (D:11)
  A troll (D:9)
  2 hornets
  A shadow (D:10)
  2 wyverns
  12 yaks (D:9)
  3 steam dragons
  2 acid dragons
  A water moccasin (D:8)
  A black bear (D:4)
  3 ogres
  2 orc warriors
  4 sky beasts (D:8)
  4 centaurs
  A necrophage (D:5)
  2 kobold brigands (D:9)
  4 bullfrogs
  4 scorpions
  A water moccasin zombie (D:5)
  3 water moccasin skeletons
  7 wights
  8 killer bees
  3 howler monkeys
  6 centaur zombies
  A bullfrog zombie (D:7)
  3 jellies
  2 hounds (D:5)
  6 orc priests
  A bullfrog skeleton (D:4)
  2 gnoll shamans
  6 iguanas
  8 orc wizards
  Natasha (thrice) (D:2)
  2 killer bee zombies
  A hound skeleton (D:5)
  3 howler monkey zombies
  Robin (D:4)
  7 gnolls
  9 adders
  4 river rats (D:4)
  A white imp (D:8)
  An adder skeleton (D:4)
  6 worms
  A dart slug (D:1)
  30 orcs
  3 ball pythons
  8 endoplasms
  4 giant cockroaches
  15 goblins
  4 hobgoblins
  9 kobolds
  A quokka (D:2)
  4 bats
  13 frilled lizards
  13 rats
263 creatures vanquished.

Vanquished Creatures (collateral kills)
  A hydra (D:11)
  A centaur warrior (D:11)
2 creatures vanquished.

Grand Total: 265 creatures vanquished

Notes
Turn   | Place    | Note
-------+----------+-------------------------------------------
     0 | D:1      | rageheart7 the Minotaur Berserker began the quest for the
                  | Orb.
     0 | D:1      | Reached XP level 1. HP: 19/19 MP: 0/0
   244 | D:1      | Reached skill level 4 in Fighting
   245 | D:1      | Reached XP level 2. HP: 27/27 MP: 1/1
   831 | D:2      | Found Pafrem's Magic Scroll Shop.
   866 | D:2      | Noticed Natasha
   870 | D:2      | Killed Natasha
   871 | D:2      | Reached XP level 3. HP: 34/34 MP: 2/2
   891 | D:2      | Reached skill level 5 in Fighting
   891 | D:2      | Reached skill level 5 in Maces & Flails
   891 | D:2      | Reached XP level 4. HP: 13/42 MP: 1/3
  1000 | D:2      | Noticed Natasha
  1007 | D:2      | Killed Natasha
  1264 | D:2      | Found Abitiz's Assorted Antiques.
  1323 | D:2      | Reached ** piety under Trog
  1331 | D:2      | Found Utuklayss's Distillery.
  1416 | D:2      | Found Nosing's Antique Weapon Emporium.
  1759 | D:2      | Found Waynas's Distillery.
  1779 | D:2      | Noticed Natasha
  1792 | D:2      | Killed Natasha
  1935 | D:3      | Reached XP level 5. HP: 46/48 MP: 4/4
  2067 | D:3      | Found a faded altar of an unknown god.
  2326 | D:3      | Noticed an ogre
  2335 | D:3      | Killed an ogre
  2336 | D:3      | Reached skill level 6 in Fighting
  2815 | D:4      | Noticed Robin
  2896 | D:4      | Reached XP level 6. HP: 54/58 MP: 3/5
  2953 | D:4      | Identified a scroll of acquirement
  2953 | D:4      | Acquired a +2 pair of boots of stealth
  3046 | D:4      | Found a glowing drain.
  3069 | Sewer    | Entered a sewer
  3283 | Sewer    | Reached *** piety under Trog
  3535 | D:4      | Reached skill level 7 in Fighting
  3769 | D:4      | Killed Robin
  3862 | D:4      | Identified the +1 scale mail of Limited Liability {Rampage
                  | rCorr Int+3 Dex+2}
  3936 | D:4      | Reached XP level 7. HP: 50/66 MP: 4/6
  4043 | D:4      | Found an opulent altar of Gozag.
  4351 | D:4      | Reached skill level 8 in Fighting
  4596 | D:4      | Found a runed translucent door.
  4597 | D:4      | Noticed Crazy Yiuf
  4807 | D:5      | Entered Level 5 of the Dungeon
  4852 | D:5      | Found a large runed translucent door.
  4853 | D:5      | Found a large runed translucent door.
  5097 | D:4      | Reached XP level 8. HP: 18/75 MP: 2/7
  5547 | D:5      | Reached skill level 9 in Fighting
  5812 | D:5      | Reached **** piety under Trog
  5818 | D:5      | Identified the ring of Goeniu {*Corrode Fly Int+4 Dex+6}
  6400 | D:5      | Noticed Papr's ghost (amateur DgTm)
  6439 | D:6      | Found a staircase to the Ecumenical Temple.
  7236 | D:6      | Found a glowing golden altar of the Shining One.
  7277 | D:6      | Gained mutation: You sometimes lose the ability to read
                  | scrolls when taking damage. [potion of mutation]
  7277 | D:6      | Gained mutation: You expend magic power (3 MP) to
                  | strengthen your wands. [potion of mutation]
  7277 | D:6      | Gained mutation: You have large cloven feet. [potion of
                  | mutation]
  7305 | D:7      | Reached skill level 10 in Fighting
  7305 | D:7      | Reached skill level 10 in Maces & Flails
  7681 | D:7      | Reached XP level 9. HP: 52/85 MP: 4/8
  8089 | D:6      | Found a sacrificial altar of Ru.
  8343 | D:8      | Noticed a two-headed ogre
  8353 | D:8      | Killed a two-headed ogre
  8354 | D:8      | Reached skill level 11 in Fighting
  8487 | D:8      | Noticed a two-headed ogre
  8496 | D:8      | Killed a two-headed ogre
  8497 | D:8      | Reached skill level 12 in Fighting
  8757 | D:8      | Found a burning altar of Makhleb.
  8757 | D:8      | Found a blossoming altar of Fedhas.
  8821 | D:8      | Reached XP level 10. HP: 99/99 MP: 9/9
  9058 | D:8      | Noticed Maurice
  9098 | D:8      | Killed Maurice
  9295 | D:8      | Reached skill level 13 in Fighting
  9631 | D:9      | Acquired the +4 crystal plate armour of Repulsion {Will+
                  | Int-2 Dex+10}
 10117 | D:9      | Reached ***** piety under Trog
 10659 | D:9      | Noticed a manticore
 10664 | D:9      | Noticed a sixfirhy
 10668 | D:9      | Killed a manticore
 10669 | D:9      | Reached skill level 14 in Fighting
 10669 | D:9      | Reached XP level 11. HP: 52/110 MP: 3/10
 10671 | D:9      | Noticed a sun demon
 10934 | D:9      | Noticed a six-headed hydra
 10955 | D:9      | Killed a six-headed hydra
 10956 | D:9      | Reached skill level 5 in Armour
 11101 | D:10     | Entered Level 10 of the Dungeon
 11358 | D:10     | Noticed Fannar
 11373 | D:10     | Killed Fannar
 11374 | D:10     | Reached skill level 5 in Dodging
 11963 | D:10     | Found an iron altar of Okawaru.
 12134 | D:10     | Acquired a manual of Dodging
 12221 | D:11     | Found a stormy altar of Qazlal.
 12222 | D:11     | Found a broken altar of Ashenzari.
 12223 | D:11     | Found a shimmering altar of Xom.
 12223 | D:11     | Found an ornate altar of the Wu Jian Council.
 12279 | D:11     | Noticed a purple ugly thing
 12281 | D:11     | Noticed a seven-headed hydra
 12281 | D:11     | Noticed a centaur warrior
 12281 | D:11     | Noticed an ice dragon
 12284 | D:11     | Noticed a five-headed hydra
 12287 | D:11     | Killed a purple ugly thing
 12287 | D:11     | Identified the ring "Roumyuti" {Drain rF+ Int+6}
 12287 | D:11     | Noticed a tengu warrior
 12295 | D:11     | Killed a seven-headed hydra
 12296 | D:11     | Reached skill level 15 in Fighting
 12300 | D:11     | Noticed an eight-headed hydra
 12302 | D:11     | Killed a five-headed hydra
 12308 | D:11     | Killed a tengu warrior
 12314 | D:11     | Reached XP level 12. HP: 57/121 MP: 5/11
 12317 | D:11     | Killed a centaur warrior
 12318 | D:11     | Killed an eight-headed hydra
 12321 | D:11     | HP: 4/121 [ice dragon/blast of cold (20)]
 12325 | D:11     | Killed from afar by an ice dragon

Illustrated notes

Levels and vault maps discovered:
D:1:      dpeg_arrival_leaves_temple_mockup, layout_loops_cross, minmay_cut_off
D:2:      layout_loops_ring, serial_shops, shop, shop_coins, shop,
          nicolae_shop_stone, shop, uniq_natasha
D:3:      minmay_wonky_spiral, layout_loops_cross,
          chequers_ecumenical_altar_grove
D:4:      layout_rooms, nicolae_gozag_cash_rules_everything_around_me,
          lightli_sewer_entry_pipes, uniq_crazy_yiuf_cottage, uniq_robin
D:5:      layout_layer_cave, ebering_ghost_disaster_area
D:6:      layout_basic, nicolae_overflow_hidden_temple,
          minmay_temple_entry_tees, kennysheep_generic_room_13
D:7:      layout_loops_cross
D:8:      layout_basic, gammafunk_temple_overflow_wave, hangedman_misty_isle,
          uniq_maurice
D:9:      layout_cave_pods, kennysheep_kite_vault
D:10:     layout_loops_corners, kennysheep_mini_moat, uniq_fannar
D:11:     minmay_the_grid_octo_tiled_octocenter [minmay_the_grid_octo_shrine,
          minmay_the_grid_octo_odd_swirl, minmay_the_grid_octo_pinwheel,
          minmay_the_grid_octo_77, minmay_the_grid_octo_prize_star,
          minmay_the_grid_square_5x5_two, minmay_the_grid_square_5x5_eight,
          minmay_the_grid_square_5x5_detours,
          minmay_the_grid_square_5x5_minimal], layout_cross, lair_entry_dummy

Skill      XL: |  1  2  3  4  5  6  7  8  9 10 11 |
---------------+----------------------------------+-----
Fighting       | 4 5 6 7 8 10 12 14 15 | 15.3
Maces & Flails | 4 5 6 7 8 10 12 13 14 | 14.2
Armour         | 4 7 |  7.7
Dodging        | 4 8 |  8.4

Action                   |  1- 3 |  4- 6 |  7- 9 | 10-12 || total
-------------------------+-------+-------+-------+-------++-------
Melee: Mace              |    40 |   222 |     1 |       ||   263
       Headbutt          |     7 |    33 |    51 |    80 ||   171
       Unarmed           |       |     2 |       |       ||     2
       Whip              |       |       |   199 |    13 ||   212
       Flail             |       |       |       |   222 ||   222
Invok: Berserk           |     1 |       |     3 |     4 ||     8
       Trog's Hand       |       |       |     1 |     4 ||     5
       Brothers in Arms  |       |       |       |     2 ||     2
  Use: Scroll            |       |     3 |     6 |     7 ||    16
       Potion            |       |     2 |     1 |     8 ||    11
 Stab: Sleeping          |       |       |     3 |     1 ||     4
Armor: Animal skin       |     1 |     9 |    44 |    11 ||    65
       Ring mail         |     4 |    78 |       |       ||    82
       Crystal plate arm |       |       |       |   219 ||   219
Dodge: Dodged            |    22 |   124 |    81 |   111 ||   338

Table legend: (Time is in decaauts)
 A = Elapsed time spent in this place.
 B = Non-inter-level travel time spent in this place.
 C = Inter-level travel time spent in this place.
 D = Time resting spent in this place.
 E = Time spent auto-exploring this place.
 F = Levels seen in this place.
 G = Mean time per level.
                   A        B        C        D        E       F      G
               +--------+--------+--------+--------+--------+-----+--------+
         Total |  12350 |  12004 |    346 |    286 |  10005 |  12 | 1029.2 |
       Dungeon |  11864 |  11518 |    346 |    286 |   9635 |  11 | 1078.5 |
         Sewer |    485 |    485 |      0 |      0 |    369 |   1 |  485.0 |
               +--------+--------+--------+--------+--------+-----+--------+

Top non-repeatable levels by time:
     D:4: 2020 daAuts
     D:9: 1500 daAuts
     D:8: 1114 daAuts
     D:7: 1096 daAuts
     D:5: 1095 daAuts
     D:2: 1083 daAuts
    D:10: 1074 daAuts
     D:3: 1007 daAuts
     D:6: 895 daAuts
     D:1: 845 daAuts
   Sewer: 485 daAuts
    D:11: 130 daAuts
